 Dungeon Crawl Stone Soup version 0.13-a0-2485-g242ae62 (webtiles) character file.

180 Rycklaryybbe the Poker (level 3, -6/28 HPs)
             Began as a Demonspawn Chaos Knight on July 21, 2013.
             Was a Plaything of Xom.
             Hit by a stone thrown by a gnoll (7 damage)
             ... on Level 2 of the Dungeon.
             The game lasted 00:03:36 (1097 turns).

Rycklaryybbe the Poker (Demonspawn Chaos Knight)    Turns: 1097, Time: 00:03:36

HP  -6/28        AC  5     Str 12      XL: 3   Next: 35%
MP   3/3         EV 12     Int 13      God: Xom
Gold 138         SH 14     Dex 18      Spells:  0 memorised,  2 levels left

Res.Fire  : . . .   See Invis. : .   a - +0 spear (chaos) {=f}
Res.Cold  : . . .   Warding    : .   b - +2 leather armour
Life Prot.: . . .   Conserve   : .   e - +0 shield
Res.Poison: .       Res.Corr.  : .   (helmet restricted)
Res.Elec. : .       Clarity    : .   (no cloak)
Sust.Abil.: . .     Spirit.Shd : .   (no gloves)
Res.Mut.  : .       Stasis     : .   (no boots)
Res.Rott. : .       Flight     : .   (no amulet)
Saprovore : . . .                    (no ring)
                                     h - ring of flight

@: agile, not resistant to hostile enchantments, stealthy
A: horns 1, talons 1
a: Renounce Religion, Evoke Flight


You were on level 2 of the Dungeon.
You worshipped Xom.
You were a beloved toy of Xom.
You were hungry.

You visited 1 branch of the dungeon, and saw 2 of its levels.

You collected 118 gold pieces.

Inventory:

Hand weapons
 a - a +0,+0 spear of chaos (weapon) {=f}
Missiles
 n - 6 javelins (quivered)
Armour
 b - a +2 leather armour (worn)
 e - a +0 shield (worn)
Comestibles
 c - 2 bread rations
 d - a meat ration
 f - a chunk of hobgoblin flesh
 j - a banana
Scrolls
 k - a scroll of identify {unknown}
 l - 2 scrolls of remove curse {unknown}
Jewellery
 h - a ring of flight (left hand)
Potions
 m - a potion of agility


   Skills:
 - Level 3.0 Fighting
 + Level 4.0 Polearms
 - Level 1.7 Armour
 - Level 0.8 Dodging


You had 2 spell levels left.
You didn't know any spells.

Dungeon Overview and Level Annotations

Branches:
Dungeon (2/27)

Altars:


Innate Abilities, Weirdness & Mutations

You have a pair of small horns on your head.
You have sharp toenails.


Message History

Things that are here:
a steel dart; a stone The gnoll throws a stone.
The stone misses you.
The gnoll throws a steel dart.
The steel dart misses you.
Things that are here:
a steel dart; a stone The gnoll throws a steel dart.
The steel dart hits you!
* * * LOW HITPOINT WARNING * * *
You see here a steel dart.
The gnoll throws a steel dart.
The steel dart hits you!
* * * LOW HITPOINT WARNING * * *
You see here a steel dart.
Drink which item? (? for menu, Esc to quit)
You feel more agile all of a sudden.
It was a potion of agility.
Xom thinks this is hilarious!
The gnoll throws a steel dart.
The steel dart hits you!
* * * LOW HITPOINT WARNING * * *
The gnoll throws a stone.
The stone hits you!
You die...

### #.. #.#######
### ###
#............ ... r
#@# #.# #.####.#
#(#g +.+ #.#....+
#(# #.# #.#..#$#
r#(##+#.##+#.##'#.#
#(g..g....r..g....
#(##+#$##'#(##+#.#
#.# #g# #.# #.# #.#
#.# +.+ r#.#
g#(####.####.####.#


You could see a gnoll.

Vanquished Creatures
  An inept feature mimic (D:2)
  3 giant cockroaches
  3 goblins (D:1)
  6 hobgoblins
  A quokka (D:1)
  4 bats (D:1)
  2 giant newts (D:1)
  4 jackals (D:1)
  6 kobolds
  4 rats (D:1)
34 creatures vanquished.

Notes
Turn   | Place    | Note
--------------------------------------------------------------
     0 | D:1      | Rycklaryybbe, the Demonspawn Chaos Knight, began the quest for the Orb.
     0 | D:1      | Reached XP level 1. HP: 16/16 MP: 1/1
   377 | D:1      | Gained mutation: You have a pair of small horns on your head. [demonic ancestry]
   377 | D:1      | Reached XP level 2. HP: 22/22 MP: 2/2
   789 | D:1      | XOM: harmless Ice miscast
   934 | D:1      | Gained mutation: You have sharp toenails. [demonic ancestry]
   934 | D:1      | Reached XP level 3. HP: 28/28 MP: 3/3
  1035 | D:2      | XOM: 1-stop teleportation journey
  1041 | D:2      | Reached skill level 4 in Polearms
  1077 | D:2      | XOM: divination: detect creatures
  1080 | D:2      | XOM: god gift: 7 gold pieces
  1095 | D:2      | HP: 1/28 [gnoll/ steel dart (2)]
  1097 | D:2      | Hit by a stone thrown by a gnoll

Action                   || total
-------------------------++-------
Melee: Spear             ||    99
  Use: Potion            ||     1
 Stab: Paralysed         ||     2
       Petrifying        ||     1
